BSA
JERSEY SHORE D-BAGS @ GREENVILLE 84S
09/24/2028
 
TOP OF THE 1ST
Jersey Shore D-Bags batting - Pitching for Greenville 84s : RHP Vicente Durán
Pitching: RHP Vicente Durán
Batting: LHB Juan Hernández 0-0: Fly out, F8 (Flyball, 8RS)
Batting: RHB Ricardo González 0-0: Ball
1-0: Ball
2-0: Called Strike
2-1: Ball
3-1: Foul Ball, location: 2F
3-2: Fly out, F8 (Flyball, 78D)
Batting: LHB Dave Dodd 0-0: Ball
1-0: Swinging Strike
1-1: Ball
2-1: Ball
3-1: Called Strike
3-2: Base on Balls
Batting: LHB Pat Zimmerman 0-0: Ball
1-0: Ball
2-0: Ball
3-0: Called Strike
3-1: Base on Balls
Dave Dodd to second
Batting: RHB Ben Morton 0-0: SINGLE (Flyball, 89S)
Dave Dodd to third
Pat Zimmerman to second
Runner from 3rd tries for Home, SAFE, no throw
Batting: LHB António Cedeño 0-0: Ball
Wild Pitch!
Pat Zimmerman to third
Ben Morton to second
1-0: Ball
2-0: 3-RUN HOME RUN (Flyball, 9LD), Distance : 334 ft
Batting: RHB Tetsunori Ito 0-0: Called Strike
0-1: Called Strike
0-2: Strikes out swinging
Top of the 1st over - 4 run(s), 2 hit(s), 0 error(s), 0 left on base; Jersey Shore 4 - Greenville 0
BOTTOM OF THE 1ST
Greenville 84s batting - Pitching for Jersey Shore D-Bags : RHP John Jones
Pitching: RHP John Jones
Batting: RHB Carlos Torres 0-0: SINGLE (Groundball, 4MD)
Batting: LHB Chris Moore 0-0: Ball
Carlos Torres steals 2nd base
1-0: Fly out, F7 (Flyball, 7D)
Runner from 2nd tags up, SAFE at 3rd, no throw
Batting: RHB Enzo Díaz 0-0: Swinging Strike
0-1: Ball
1-1: Ball
2-1: Called Strike
2-2: Foul Ball, location: 2F
2-2: Strikes out swinging
Batting: RHB Jorge Cisneros 0-0: Ball
1-0: Foul Ball, location: 2F
1-1: Called Strike
1-2: Reached on error, E5 (Groundball, 56)
Carlos Torres scores
Batting: LHB Robert Moore 0-0: Ball
1-0: Foul Ball, location: 2F
1-1: SINGLE (Line Drive, 8LS)
Jorge Cisneros to third
Runner from 3rd tries for Home, SAFE, throw made home
Batting: LHB Jimmy Vickers 0-0: Ball
1-0: Ball
Wild Pitch!
Robert Moore to second
2-0: Foul Ball, location: 2F
2-1: Foul Ball, location: 2F
2-2: Ball
3-2: Fly out, F2 (Popup, 56S)
Bottom of the 1st over - 2 run(s), 2 hit(s), 1 error(s), 1 left on base; Jersey Shore 4 - Greenville 2
TOP OF THE 2ND
Jersey Shore D-Bags batting - Pitching for Greenville 84s : RHP Vicente Durán
Batting: RHB Alonso Holguín 0-0: Swinging Strike
0-1: Ball
1-1: Ball
2-1: SINGLE (Flyball, 8LS)
Batting: RHB Millard Boyd 0-0: Swinging Strike
0-1: Fly out, F7 (Flyball, 7LMF)
Batting: LHB Juan Hernández 0-0: Fly out, F7 (Line Drive, 7LD)
Batting: RHB Ricardo González 0-0: Ball
1-0: Foul Ball, location: 2F
1-1: Ball
2-1: Foul Ball, location: 2F
2-2: Ball
3-2: Ground out 5-3 (Groundball, 56)
Top of the 2nd over - 0 run(s), 1 hit(s), 0 error(s), 1 left on base; Jersey Shore 4 - Greenville 2
BOTTOM OF THE 2ND
Greenville 84s batting - Pitching for Jersey Shore D-Bags : RHP John Jones
Batting: RHB Cristo García 0-0: Foul Ball, location: 2F
0-1: Ball
1-1: Ball
2-1: Fly out, F7 (Line Drive, 7)
Batting: RHB Casey Fox 0-0: Called Strike
0-1: Foul Ball, location: 2F
0-2: Fly out, F6 (Line Drive, 56D)
Batting: RHB Patrick Potts 0-0: Ball
1-0: Called Strike
1-1: Ball
2-1: Ball
3-1: Ground out 4-3 (Groundball, 4M)
Bottom of the 2nd over - 0 run(s), 0 hit(s), 0 error(s), 0 left on base; Jersey Shore 4 - Greenville 2
TOP OF THE 3RD
Jersey Shore D-Bags batting - Pitching for Greenville 84s : RHP Vicente Durán
Batting: LHB Dave Dodd 0-0: Ball
1-0: Ball
2-0: Called Strike
2-1: Ball
3-1: Base on Balls
Batting: LHB Pat Zimmerman 0-0: Called Strike
0-1: Fly out, F8 (Flyball, 8RS)
Batting: RHB Ben Morton 0-0: Fly out, F9 (Flyball, 9)
Batting: LHB António Cedeño 0-0: Ball
1-0: Ball
2-0: SINGLE (Groundball, 4MD)
Dave Dodd to second
Batting: RHB Tetsunori Ito 0-0: Ball
1-0: Swinging Strike
1-1: Fielders Choice at 2nd, 5-4 (Groundball, 56)
Top of the 3rd over - 0 run(s), 1 hit(s), 0 error(s), 1 left on base; Jersey Shore 4 - Greenville 2
BOTTOM OF THE 3RD
Greenville 84s batting - Pitching for Jersey Shore D-Bags : RHP John Jones
Batting: RHB Carlos Torres 0-0: Ball
1-0: Ball
2-0: Ball
3-0: Called Strike
3-1: Foul Ball, location: 2F
3-2: Base on Balls
Batting: LHB Chris Moore 0-0: Ball
1-0: Foul Ball, location: 2F
1-1: Ball
2-1: Called Strike
2-2: Fly out, F3 (Line Drive, 3S)
Lined into DP, U3 (Line Drive, 3S)
Batting: RHB Enzo Díaz 0-0: Called Strike
0-1: Ball
1-1: Called Strike
1-2: Ball
2-2: Ball
3-2: Ground out 1-3 (Groundball, 15S)
Bottom of the 3rd over - 0 run(s), 0 hit(s), 0 error(s), 0 left on base; Jersey Shore 4 - Greenville 2
TOP OF THE 4TH
Jersey Shore D-Bags batting - Pitching for Greenville 84s : RHP Vicente Durán
Batting: RHB Alonso Holguín 0-0: Foul Ball, location: 2F
0-1: Ball
1-1: Ball
2-1: Ball
3-1: Base on Balls
Batting: RHB Millard Boyd 0-0: Ball
1-0: Swinging Strike
1-1: Called Strike
1-2: Strikes out swinging
Batting: LHB Juan Hernández 0-0: SINGLE (Groundball, 4MD)
Alonso Holguín to second
Batting: RHB Ricardo González 0-0: Called Strike
0-1: Ball
1-1: Foul Ball, location: 2F
1-2: Foul Ball, location: 2F
1-2: Ball
2-2: Foul Ball, location: 2F
2-2: Fly out, F8 (Flyball, 8RS)
Batting: LHB Dave Dodd 0-0: Called Strike
0-1: DOUBLE (Flyball, 8RXD)
Alonso Holguín scores
Juan Hernández to third
Runner from 3rd tries for Home, SAFE, no throw
Pitching: LHP Mario Solíz
Batting: LHB Pat Zimmerman 0-0: Ball
1-0: Ball
2-0: Ball
3-0: Fly out, F7 (Flyball, 7S)
Top of the 4th over - 2 run(s), 2 hit(s), 0 error(s), 1 left on base; Jersey Shore 6 - Greenville 2
BOTTOM OF THE 4TH
Greenville 84s batting - Pitching for Jersey Shore D-Bags : RHP John Jones
Batting: RHB Jorge Cisneros 0-0: Called Strike
0-1: Called Strike
0-2: Foul Ball, location: 2F
0-2: Ball
1-2: Foul Ball, location: 2F
1-2: Ball
2-2: Ball
3-2: Foul Ball, location: 2F
3-2: Strikes out swinging
Batting: LHB Robert Moore 0-0: Called Strike
0-1: Ball
1-1: SOLO HOME RUN (Flyball, 9LD), Distance : 345 ft
Batting: LHB Jimmy Vickers 0-0: Called Strike
0-1: Ball
1-1: Called Strike
1-2: Foul Ball, location: 2F
1-2: Ball
2-2: SOLO HOME RUN (Flyball, 9D), Distance : 419 ft
Batting: RHB Cristo García 0-0: Ground out 5-3 (Groundball, 25)
Batting: RHB Casey Fox 0-0: Ball
1-0: Called Strike
1-1: Ball
2-1: Ground out 5-3 (Groundball, 5S)
Bottom of the 4th over - 2 run(s), 2 hit(s), 0 error(s), 0 left on base; Jersey Shore 6 - Greenville 4
TOP OF THE 5TH
Jersey Shore D-Bags batting - Pitching for Greenville 84s : LHP Mario Solíz
Batting: RHB Ben Morton 0-0: Fly out, F9 (Flyball, 89M)
Batting: LHB António Cedeño 0-0: Called Strike
0-1: Ball
1-1: SOLO HOME RUN (Flyball, 8RXD), Distance : 454 ft
Batting: RHB Tetsunori Ito 0-0: Ball
1-0: Swinging Strike
1-1: Ball
2-1: Foul Ball, location: 2F
2-2: Foul Ball, location: 2F
2-2: Ball
3-2: Base on Balls
Batting: RHB Alonso Holguín 0-0: Called Strike
0-1: Foul Ball, location: 2F
0-2: Foul Ball, location: 2F
0-2: Reached on error, E5 (Groundball, 56)
Tetsunori Ito to second
Batting: RHB Millard Boyd 0-0: Foul Ball, location: 2F
0-1: Fly out, F8 (Flyball, 8LXD)
Runner from 2nd tags up, SAFE at 3rd, no throw
Batting: LHB Juan Hernández 0-0: Foul Ball, location: 2F
0-1: Ball
1-1: SINGLE (Line Drive, 78S)
Tetsunori Ito scores
Alonso Holguín to second
Batting: RHB Ricardo González 0-0: Called Strike
0-1: Ball
1-1: Ball
2-1: Ball
3-1: Base on Balls
Alonso Holguín to third
Juan Hernández to second
Batting: LHB Dave Dodd 0-0: Ball
1-0: Fielders Choice at 2nd, 4-6 (Groundball, 4)
Top of the 5th over - 2 run(s), 2 hit(s), 1 error(s), 2 left on base; Jersey Shore 8 - Greenville 4
BOTTOM OF THE 5TH
Greenville 84s batting - Pitching for Jersey Shore D-Bags : RHP John Jones
Batting: RHB Patrick Potts 0-0: Called Strike
0-1: Called Strike
0-2: Ball
1-2: Fly out, F4 (Line Drive, 4M)
Batting: RHB Carlos Torres 0-0: Foul Ball, location: 2F
0-1: Ball
1-1: Ball
2-1: Ground out 1-3 (Groundball, P)
Batting: LHB Chris Moore 0-0: Called Strike
0-1: Foul Ball, location: 2F
0-2: Strikes out swinging
Bottom of the 5th over - 0 run(s), 0 hit(s), 0 error(s), 0 left on base; Jersey Shore 8 - Greenville 4
TOP OF THE 6TH
Jersey Shore D-Bags batting - Pitching for Greenville 84s : LHP Mario Solíz
Batting: LHB Pat Zimmerman 0-0: Ball
1-0: Swinging Strike
1-1: Ball
2-1: Fly out, F6 (Line Drive, 6)
Batting: RHB Ben Morton 0-0: Ball
1-0: Ground out 6-3 (Groundball, 6)
Batting: LHB António Cedeño 0-0: Ball
1-0: Ball
2-0: Ball
3-0: Base on Balls
Batting: RHB Tetsunori Ito 0-0: Called Strike
0-1: Ball
1-1: Ball
2-1: Foul Ball, location: 2F
2-2: Ball
3-2: Ground out 6-3 (Groundball, 6)
Top of the 6th over - 0 run(s), 0 hit(s), 0 error(s), 1 left on base; Jersey Shore 8 - Greenville 4
BOTTOM OF THE 6TH
Greenville 84s batting - Pitching for Jersey Shore D-Bags : RHP John Jones
Batting: RHB Enzo Díaz 0-0: Ball
1-0: Ball
2-0: Ball
3-0: Called Strike
3-1: Called Strike
3-2: Foul Ball, location: 2F
3-2: Strikes out swinging
Batting: RHB Jorge Cisneros 0-0: Fly out, F9 (Flyball, 9LS)
Batting: LHB Robert Moore 0-0: Ball
1-0: Called Strike
1-1: Foul Ball, location: 2F
1-2: Foul Ball, location: 2F
1-2: Fly out, F7 (Flyball, 7LS)
Bottom of the 6th over - 0 run(s), 0 hit(s), 0 error(s), 0 left on base; Jersey Shore 8 - Greenville 4
TOP OF THE 7TH
Jersey Shore D-Bags batting - Pitching for Greenville 84s : LHP Mario Solíz
Pitching: RHP Mike Horton
Batting: RHB Alonso Holguín 0-0: Ball
1-0: Ball
2-0: Ball
3-0: Called Strike
3-1: Base on Balls
Batting: RHB Millard Boyd 0-0: Ball
1-0: Sac Bunt - play at first, batter OUT! 2-3
Alonso Holguín to second
Batting: LHB Juan Hernández 0-0: Ball
Wild Pitch!
Alonso Holguín to third
1-0: Ground out 3-1 (Groundball, 34)
Alonso Holguín scores
Batting: RHB Ricardo González 0-0: Ball
1-0: SINGLE (Groundball, 56) (infield hit)
Batting: LHB Dave Dodd 0-0: Ball
1-0: Ball
2-0: 2-RUN HOME RUN (Flyball, 7D), Distance : 360 ft
Batting: LHB Pat Zimmerman 0-0: Foul Ball, location: 2F
0-1: SINGLE (Groundball, 34) (infield hit)
Pitching: RHP Dave Smith
Batting: RHB Ben Morton 0-0: Called Strike
0-1: Ball
1-1: DOUBLE (Flyball, 8RXD)
Pat Zimmerman to third
Pat Zimmerman scores
Batting: LHB António Cedeño 0-0: Ball
1-0: Ball
2-0: Called Strike
2-1: Foul Ball, location: 2F
2-2: Ball
3-2: Base on Balls
Batting: RHB Tetsunori Ito 0-0: DOUBLE (Line Drive, 89XD)
Ben Morton scores
António Cedeño to third
Runner from 3rd tries for Home, SAFE, no throw
Batting: RHB Alonso Holguín 0-0: Fly out, F9 (Flyball, 9S)
Top of the 7th over - 6 run(s), 5 hit(s), 0 error(s), 1 left on base; Jersey Shore 14 - Greenville 4
BOTTOM OF THE 7TH
Greenville 84s batting - Pitching for Jersey Shore D-Bags : RHP John Jones
Pitching: LHP José Zamora
Now at 1B: Marcos Villarreal
Batting: LHB Jimmy Vickers 0-0: Ball
1-0: Foul Ball, location: 2F
1-1: Swinging Strike
1-2: Ground out U3 (Groundball, 3S)
Pinch Hitting: RHB Felipe Rego 0-0: SINGLE (Groundball, 56D)
Batting: RHB Casey Fox 0-0: Called Strike
0-1: Ball
1-1: Foul Ball, location: 2F
1-2: Foul Ball, location: 2F
1-2: Strikes out looking
Batting: RHB Patrick Potts 0-0: Ball
1-0: Called Strike
1-1: Swinging Strike
1-2: Ball
2-2: Foul Ball, location: 2F
2-2: Strikes out swinging
Bottom of the 7th over - 0 run(s), 1 hit(s), 0 error(s), 1 left on base; Jersey Shore 14 - Greenville 4
TOP OF THE 8TH
Jersey Shore D-Bags batting - Pitching for Greenville 84s : RHP Dave Smith
Now at 3B: Tom Hicks
Batting: RHB Millard Boyd 0-0: Ball
1-0: Called Strike
1-1: Ball
2-1: Foul Ball, location: 2F
2-2: Strikes out swinging
Batting: LHB Juan Hernández 0-0: Called Strike
0-1: Ball
1-1: Called Strike
1-2: Ball
2-2: Ball
3-2: Foul Ball, location: 2F
3-2: SINGLE (Line Drive, 6D)
Batting: RHB Ricardo González 0-0: Ball
1-0: Foul Ball, location: 2F
1-1: Foul Ball, location: 2F
1-2: Strikes out looking
Batting: LHB Dave Dodd 0-0: Called Strike
Juan Hernández steals 2nd base
0-1: Ball
1-1: Fly out, F7 (Flyball, 7LS)
Top of the 8th over - 0 run(s), 1 hit(s), 0 error(s), 1 left on base; Jersey Shore 14 - Greenville 4
BOTTOM OF THE 8TH
Greenville 84s batting - Pitching for Jersey Shore D-Bags : LHP José Zamora
Batting: RHB Carlos Torres 0-0: Called Strike
0-1: Foul Ball, location: 2F
0-2: Foul Ball, location: 2F
0-2: Ball
1-2: Ball
2-2: Ball
3-2: Ground out 6-3 (Groundball, 56)
Batting: LHB Chris Moore 0-0: Foul Ball, location: 2F
0-1: Ball
1-1: SINGLE (Groundball, 34D)
Batting: RHB Enzo Díaz 0-0: Ball
1-0: Ball
2-0: Fly out, F7 (Line Drive, 7)
Batting: RHB Jorge Cisneros 0-0: Called Strike
0-1: Called Strike
0-2: 2-RUN HOME RUN (Line Drive, 78XD), Distance : 447 ft
Batting: LHB Robert Moore 0-0: Ball
1-0: Ball
2-0: Ball
3-0: Foul Ball, location: 2F
3-1: SINGLE (Line Drive, 6M)
Batting: LHB Jimmy Vickers 0-0: Called Strike
0-1: Fly out, F8 (Line Drive, 8LM)
Bottom of the 8th over - 2 run(s), 3 hit(s), 0 error(s), 1 left on base; Jersey Shore 14 - Greenville 6
TOP OF THE 9TH
Jersey Shore D-Bags batting - Pitching for Greenville 84s : RHP Dave Smith
Batting: LHB Pat Zimmerman 0-0: Ball
1-0: SINGLE (Flyball, 7S)
Batting: RHB Ben Morton 0-0: Called Strike
0-1: SINGLE (Line Drive, 8LS)
Pat Zimmerman to second
Runner from 2nd tries for 3rd, SAFE, no throw
Batting: LHB Marcos Villarreal 0-0: Fielders Choice at 2nd, 3-6 (Groundball, 34)
Pat Zimmerman scores
Pitching: RHP David Bishop
Batting: RHB Tetsunori Ito 0-0: Foul Ball, location: 2F
0-1: Called Strike
0-2: Ball
1-2: Ball
2-2: Fly out, F8 (Flyball, 8RM)
Batting: RHB Alonso Holguín 0-0: Ground out 1-3 (Groundball, 15S)
Top of the 9th over - 1 run(s), 2 hit(s), 0 error(s), 1 left on base; Jersey Shore 15 - Greenville 6
BOTTOM OF THE 9TH
Greenville 84s batting - Pitching for Jersey Shore D-Bags : LHP José Zamora
Batting: RHB Tom Hicks 0-0: Called Strike
0-1: Called Strike
0-2: Strikes out looking
Batting: RHB Casey Fox 0-0: Ball
1-0: Ball
2-0: Called Strike
2-1: SINGLE (Flyball, 89S)
Batting: RHB Patrick Potts 0-0: Ball
1-0: Foul Ball, location: 2F
1-1: SINGLE (Groundball, 34D)
Casey Fox to second
Runner from 2nd tries for 3rd, SAFE, throw made to third
Batting: RHB Carlos Torres 0-0: Called Strike
0-1: Foul Ball, location: 2F
0-2: Foul Ball, location: 2F
0-2: Fielders Choice at 2nd, 6-4 (Groundball, 56)
Casey Fox scores
Pitching: RHP Paco Gutiérrez
Batting: LHB Chris Moore 0-0: Swinging Strike
0-1: Foul Ball, location: 2F
0-2: Strikes out swinging
Bottom of the 9th over - 1 run(s), 2 hit(s), 0 error(s), 1 left on base; Jersey Shore 15 - Greenville 7
Tuesday, August 8th, 2017 - OOTP Baseball 17.12 Build 75